 Dungeon Crawl Stone Soup version 0.25.1-2-g60ff931df9 (webtiles) character file.

Game seed: 12352580899421147208

113 Atelerd the Stinger (level 4, -6/27 HPs)
             Began as an Octopode Venom Mage on July 30, 2020.
             Hit by a boomerang thrown by an orc (7 damage)
             ... on level 3 of the Dungeon.
             The game lasted 00:01:36 (1572 turns).

Atelerd the Stinger (Octopode Venom Mage)           Turns: 1572, Time: 00:01:37

Health: -6/27      AC:  1    Str:  7    XL:     4   Next: 96%
Magic:  1/8        EV: 13    Int: 18    God:
Gold:   92         SH:  0    Dex: 12    Spells: 4/8 levels left

rFire    . . .     SeeInvis .   c - +0 dagger
rCold    . . .     Gourm    .   (no shield)
rNeg     . . .     Faith    .   (helmet restricted)
rPois    .         Spirit   .   (no amulet)
rElec    .         Reflect  .   (no ring)
rCorr    .         Harm     .   (no ring)
MR       .....                  (no ring)
Stlth    +++.......             (no ring)
HPRegen  0.09/turn              (no ring)
MPRegen  0.11/turn              (no ring)
                                (no ring)
                                (no ring)

@: mighty, invisible
A: almost no armour, stealthy swim, amphibious, 8 rings, constrict 8, camouflage
1, gelatinous body 1
a: no special abilities


You were on level 3 of the Dungeon.
You were not hungry.

You visited 1 branch of the dungeon, and saw 3 of its levels.

You collected 92 gold pieces.

Inventory:

Hand Weapons
 c - a +0 dagger (weapon)
Scrolls
 a - 2 scrolls of identify {unknown}
 f - 2 scrolls of fear {unknown}
 g - 2 scrolls of enchant armour {unknown}
 i - a scroll of blinking {unknown}
Potions
 e - a potion of might
 h - a potion of invisibility
Comestibles
 b - 5 rations


   Skills:
 - Level 2.0 Dodging
 - Level 2.6 Stealth
 + Level 2.8 Spellcasting
 - Level 1.0 Transmutations
 * Level 1.8 Air Magic
 * Level 5.4 Poison Magic


You had 4 spell levels left.
You knew the following spells:

 Your Spells              Type           Power        Failure   Level  Hunger
a - Sting                 Tmut/Pois      ##..         4%          1    None
b - Mephitic Cloud        Conj/Pois/Air  ##......     19%         3    ###....

Your spell library contained the following spells:

 Spells                   Type           Power        Failure   Level  Hunger
 Poisonous Vapours        Pois/Air       ###...       5%          2    ##.....
 Olgreb's Toxic Radiance  Pois           ###.....     19%         4    ####...
 Ignite Poison            Fire/Tmut/Pois ##......     21%         3    ###....


Dungeon Overview and Level Annotations

Branches:
Dungeon (3/15)

Altars:


Innate Abilities, Weirdness & Mutations

You cannot wear most types of armour.
You are very stealthy in the water. (Stealth+)
You are amphibious.
You can wear up to eight rings at the same time.
You can use your tentacles to constrict eight enemies at once.
Your skin changes colour to match your surroundings (Stealth+).
Your rubbery body absorbs attacks. (AC +1, EV +1)


Message History

* * * LOW HITPOINT WARNING * * *
The orc throws a boomerang.
The boomerang barely misses you.
The weapon returns to the orc!
Unknown command.
You closely miss the orc wizard. Your grab misses the orc wizard.
The orc wizard is almost dead.
The orc wizard closely misses you.
The orc throws a boomerang.
The boomerang hits you!
* * * LOW HITPOINT WARNING * * *
The weapon returns to the orc!
Unknown command.
It was a potion of might.
You feel very mighty all of a sudden.
You kill the orc wizard!
The orc throws a boomerang.
The boomerang barely misses you.
The weapon returns to the orc!
It was a potion of invisibility.
You fade into invisibility!
The orc throws a boomerang.
The boomerang hits you!
You die...

## ..
#.#######.#
#...<...#.#
#(....#)#.#
#.###.#@#.##
.. #.#)#..
## ###.#o#
#o#.##.###
##S.......
##.##.### .#
.# o#


You could see an adder and an orc.

Vanquished Creatures
  An orc priest (D:3)
  An orc wizard (D:3)
  An adder (D:2)
  A dart slug (D:1)
  2 leopard geckos
  An orc (D:3)
  4 bats
  7 giant cockroaches
  8 goblins
  2 hobgoblins (D:1)
  5 kobolds
  6 rats
39 creatures vanquished.

Notes
Turn   | Place    | Note
-------+----------+-------------------------------------------
     0 | D:1      | Atelerd the Octopode Venom Mage began the quest for the
                  | Orb.
     0 | D:1      | Reached XP level 1. HP: 11/11 MP: 3/3
   109 | D:1      | Reached skill level 4 in Poison Magic
   128 | D:1      | Reached XP level 2. HP: 16/17 MP: 5/5
   453 | D:1      | Reached XP level 3. HP: 13/21 MP: 2/6
   458 | D:1      | Learned a level 3 spell: Mephitic Cloud
  1293 | D:2      | Reached skill level 5 in Poison Magic
  1563 | D:3      | Reached skill level 1 in Air Magic
  1563 | D:3      | Reached XP level 4. HP: 19/27 MP: 1/8
  1570 | D:3      | HP: 1/27 [orc/boomerang (7)]
  1572 | D:3      | Hit by a boomerang thrown by an orc

Illustrated notes

Levels and vault maps discovered:
D:1:      scummos_arrival_star, layout_rooms
D:2:      layout_rooms, first_ration, grunt_ministairs_3, item_on_display_a
D:3:      layout_basic, overflow_temple_1_default, lemuel_round_altar,
          roderic_batcave

Skill      XL: |  1  2  3 |
---------------+----------+-----
Poison Magic   | 4 5 |  5.4
Air Magic      | 1 |  1.8
Dodging        | |  2.0
Stealth        | |  2.6
Spellcasting   | |  2.8
Transmutations | |  1.0

Action                   |  1- 3 |  4- 6 || total
-------------------------+-------+-------++-------
Melee: Unarmed           |     8 |       ||     8
       Dagger            |    46 |     4 ||    50
       Tentacles         |    15 |     2 ||    17
       Constrict         |    18 |     1 ||    19
 Cast: Sting             |    18 |     1 ||    19
       Mephitic Cloud    |     1 |       ||     1
  Use: Potion            |       |     2 ||     2
 Stab: Sleeping          |     7 |       ||     7
  Eat: Chunk             |     2 |       ||     2
Armor: Skin              |     5 |       ||     5
Dodge: Dodged            |    39 |     5 ||    44
